TOP OF THE 1ST |
Jackson HS Swamp Bats batting - Pitching for Brookline HS Warriors : LHP Robert Smith
|
Pitching: LHP Robert Smith
|
|
Batting: LHB Chris French
|
0-0: Swinging Strike 0-1: Called Strike 0-2: Ball 1-2: Foul Ball, location: 2F 1-2: Ball 2-2: Ball 3-2: Foul Ball, location: 2F 3-2: Foul Ball, location: 2F 3-2: Base on Balls
|
Batting: RHB Albert Buck
|
0-0: SINGLE (Flyball, 78M) Chris French to second
|
Batting: RHB Rob Mitchell
|
0-0: Ball 1-0: Foul Ball, location: 2F 1-1: Called Strike 1-2: Fly out, F9 (Flyball, 9LMF)
|
Batting: RHB Gabriel Vargas
|
0-0: Ball 1-0: Foul Ball, location: 2F 1-1: Called Strike Chris French steals 3rd base Albert Buck to second 1-2: Foul Ball, location: 2F 1-2: Foul Ball, location: 2F 1-2: Foul Ball, location: 2F 1-2: Ball 2-2: Ball 3-2: Base on Balls
|
Batting: RHB Mark May
|
0-0: Ball 1-0: Ball 2-0: Foul Ball, location: 2F 2-1: Foul Ball, location: 2F 2-2: Fly out, F8 (Flyball, 8LS) Runner from 3rd tags up, SCORES, no throw
|
Batting: RHB Jonathan Smith
|
0-0: Fly out, F4 (Line Drive, 4)
|
Top of the 1st over - 1 run, 1 hit, 0 errors, 2 left on base; Jackson HS 1 - Brookline HS 0 |
BOTTOM OF THE 1ST |
Brookline HS Warriors batting - Pitching for Jackson HS Swamp Bats : RHP Paul McCarthy
|
Pitching: RHP Paul McCarthy
|
|
Batting: RHB Gilbert Bentley
|
0-0: Called Strike 0-1: Swinging Strike 0-2: Ball 1-2: Foul Ball, location: 2F 1-2: Foul Ball, location: 2F 1-2: Strikes out swinging
|
Batting: LHB Earnest Butler
|
0-0: Ball 1-0: Foul Ball, location: 2F 1-1: Swinging Strike 1-2: Strikes out swinging, 2-3 out at first.
|
Batting: RHB Raúl Rivera
|
0-0: Called Strike 0-1: Ball 1-1: Foul Ball, location: 2F 1-2: Ball 2-2: Foul Ball, location: 2F 2-2: Ball 3-2: Base on Balls
|
Batting: RHB John Warren
|
0-0: Ball Raúl Rivera steals 2nd base 1-0: Ball 2-0: Ball 3-0: Swinging Strike 3-1: Foul Ball, location: 2F 3-2: Ground out 4-3 (Groundball, 4)
|
Bottom of the 1st over - 0 runs, 0 hits, 0 errors, 1 left on base; Jackson HS 1 - Brookline HS 0 |
TOP OF THE 2ND |
Jackson HS Swamp Bats batting - Pitching for Brookline HS Warriors : LHP Robert Smith
|
Batting: LHB Wally Thomas
|
0-0: Ball 1-0: Ball 2-0: Ball 3-0: Base on Balls
|
Batting: RHB Jeremy Gibbs
|
0-0: Ball 1-0: Fly out, F8 (Flyball, 89D)
|
Batting: LHB Harry McAndrew
|
0-0: Ball 1-0: SINGLE (Groundball, 6M) (infield hit) Wally Thomas to second
|
Pinch Runner at 1st Domingo Rosário:
|
|
Batting: LHB Chris French
|
0-0: Ball 1-0: Foul Ball, location: 2F 1-1: Ball 2-1: SINGLE (Flyball, 9LM) Wally Thomas to third Domingo Rosário to second Runner from 3rd tries for Home, SAFE, no throw
|
Batting: RHB Albert Buck
|
0-0: Called Strike 0-1: Ball 1-1: Ball 2-1: Grounds into double play, 6-4-3 (Groundball, 6)
|
Top of the 2nd over - 1 run, 2 hits, 0 errors, 1 left on base; Jackson HS 2 - Brookline HS 0 |
BOTTOM OF THE 2ND |
Brookline HS Warriors batting - Pitching for Jackson HS Swamp Bats : RHP Paul McCarthy
|
Now at 3B: Domingo Rosário
|
|
Batting: LHB Rich Heath
|
0-0: Ball 1-0: Swinging Strike 1-1: Foul Ball, location: 2F 1-2: Ball 2-2: Foul Ball, location: 2F 2-2: Strikes out swinging
|
Batting: RHB Spike Lamb
|
0-0: Ball 1-0: Called Strike 1-1: Foul Ball, location: 2F 1-2: Foul Ball, location: 2F 1-2: SINGLE (Line Drive, 9S)
|
Batting: RHB Michael Mossman
|
0-0: Fly out, F7 (Flyball, 7LM)
|
Batting: RHB León Colón
|
0-0: Ball 1-0: Called Strike 1-1: Called Strike 1-2: Strikes out swinging
|
Bottom of the 2nd over - 0 runs, 1 hit, 0 errors, 1 left on base; Jackson HS 2 - Brookline HS 0 |
TOP OF THE 3RD |
Jackson HS Swamp Bats batting - Pitching for Brookline HS Warriors : LHP Robert Smith
|
Batting: RHB Rob Mitchell
|
0-0: Foul Ball, location: 2F 0-1: Ball 1-1: Called Strike 1-2: Ball 2-2: Foul Ball, location: 2F 2-2: Strikes out swinging
|
Batting: RHB Gabriel Vargas
|
0-0: SINGLE (Flyball, 89M)
|
Batting: RHB Mark May
|
0-0: Ball 1-0: DOUBLE (Flyball, 89D) Gabriel Vargas to third
|
Batting: RHB Jonathan Smith
|
0-0: Ground out 1-3 (Groundball, 15S)
|
Batting: LHB Wally Thomas
|
0-0: Ball 1-0: Swinging Strike 1-1: SINGLE (Flyball, 8RS) Gabriel Vargas scores Mark May to third Runner from 3rd tries for Home, SAFE, no throw
|
Batting: RHB Jeremy Gibbs
|
0-0: Ball 1-0: Ball 2-0: Ball 3-0: Called Strike Error on foul ball, E2 3-2: Strikes out swinging
|
Top of the 3rd over - 2 runs, 3 hits, 1 error, 1 left on base; Jackson HS 4 - Brookline HS 0 |
BOTTOM OF THE 3RD |
Brookline HS Warriors batting - Pitching for Jackson HS Swamp Bats : RHP Paul McCarthy
|
Batting: RHB Cole Gray
|
0-0: Ground out 2-3 (Groundball, 15S)
|
Batting: RHB Gilbert Bentley
|
0-0: Ball 1-0: Foul Ball, location: 2F 1-1: Fly out, F4 (Line Drive, 4)
|
Batting: LHB Earnest Butler
|
0-0: Ball 1-0: Called Strike 1-1: Foul Ball, location: 2F 1-2: Foul Ball, location: 2F 1-2: Foul Ball, location: 2F 1-2: Ball 2-2: Ball 3-2: Base on Balls
|
Batting: RHB Raúl Rivera
|
0-0: Fly out, F8 (Flyball, 8RM)
|
Bottom of the 3rd over - 0 runs, 0 hits, 0 errors, 1 left on base; Jackson HS 4 - Brookline HS 0 |
TOP OF THE 4TH |
Jackson HS Swamp Bats batting - Pitching for Brookline HS Warriors : LHP Robert Smith
|
Batting: RHB Domingo Rosário
|
0-0: Ball 1-0: Ball 2-0: Ball 3-0: Called Strike 3-1: Called Strike 3-2: Base on Balls
|
Batting: LHB Chris French
|
0-0: Called Strike 0-1: Foul Ball, location: 2F 0-2: Foul Ball, location: 2F 0-2: Fielders Choice at 2nd, 3-6 (Groundball, 34)
|
Batting: RHB Albert Buck
|
0-0: Fly out, F8 (Line Drive, 8LS)
|
Batting: RHB Rob Mitchell
|
0-0: Ball 1-0: SINGLE (Line Drive, 9S) Chris French to second
|
Batting: RHB Gabriel Vargas
|
0-0: Ball 1-0: SINGLE (Groundball, 6MD) Chris French to third Rob Mitchell to second Runner from 3rd tries for Home, SAFE, no throw
|
Batting: RHB Mark May
|
0-0: Ball Passed Ball! Rob Mitchell to third Gabriel Vargas to second 1-0: Called Strike 1-1: Fly out, F8 (Flyball, 8LD)
|
Top of the 4th over - 1 run, 2 hits, 0 errors, 2 left on base; Jackson HS 5 - Brookline HS 0 |
BOTTOM OF THE 4TH |
Brookline HS Warriors batting - Pitching for Jackson HS Swamp Bats : RHP Paul McCarthy
|
Batting: RHB John Warren
|
0-0: Ball 1-0: Foul Ball, location: 2F 1-1: Reached on error, E6 (Groundball, 6)
|
Batting: LHB Rich Heath
|
0-0: Ball 1-0: Ball 2-0: Ball 3-0: Called Strike 3-1: Called Strike 3-2: Foul Ball, location: 2F 3-2: Base on Balls
|
Batting: RHB Spike Lamb
|
0-0: Ball 1-0: Swinging Strike 1-1: Called Strike 1-2: Strikes out swinging
|
Batting: RHB Michael Mossman
|
0-0: Ball 1-0: Ball 2-0: Ball 3-0: Base on Balls John Warren to third Rich Heath to second
|
Batting: RHB León Colón
|
0-0: Foul Ball, location: 2F 0-1: Foul Ball, location: 2F 0-2: Strikes out swinging
|
Batting: RHB Cole Gray
|
0-0: Called Strike 0-1: Foul Ball, location: 2F 0-2: Ball 1-2: Strikes out swinging
|
Bottom of the 4th over - 0 runs, 0 hits, 1 error, 3 left on base; Jackson HS 5 - Brookline HS 0 |
TOP OF THE 5TH |
Jackson HS Swamp Bats batting - Pitching for Brookline HS Warriors : LHP Robert Smith
|
Pitching: LHP Stan Dwyer
|
|
Batting: RHB Jonathan Smith
|
0-0: Ball 1-0: SINGLE (Line Drive, 56)
|
Batting: LHB Wally Thomas
|
0-0: Called Strike 0-1: Ball 1-1: Called Strike 1-2: Ground out 4-3 (Groundball, 4D) Jonathan Smith to second
|
Batting: RHB Jeremy Gibbs
|
0-0: Ball 1-0: Swinging Strike 1-1: Ball 2-1: Foul Ball, location: 2F 2-2: Ball 3-2: Foul Ball, location: 2F 3-2: Foul Ball, location: 2F 3-2: Base on Balls
|
Batting: RHB Domingo Rosário
|
0-0: Called Strike 0-1: Foul Ball, location: 2F 0-2: Ball 1-2: Foul Ball, location: 2F 1-2: Strikes out swinging
|
Batting: LHB Chris French
|
0-0: Ball 1-0: Foul Ball, location: 2F 1-1: Ball 2-1: Ball 3-1: Foul Ball, location: 2F 3-2: Base on Balls Jonathan Smith to third Jeremy Gibbs to second
|
Batting: RHB Albert Buck
|
0-0: Ball 1-0: Ball 2-0: Ball 3-0: Base on Balls Jonathan Smith scores Jeremy Gibbs to third Chris French to second
|
Batting: RHB Rob Mitchell
|
0-0: Called Strike 0-1: Ball 1-1: Foul Ball, location: 2F 1-2: Ball 2-2: DOUBLE (Line Drive, 9LM) Jeremy Gibbs scores Chris French scores Albert Buck to third Runner from 3rd tries for Home, SAFE, no throw
|
Batting: RHB Gabriel Vargas
|
0-0: 2-RUN HOME RUN (Flyball, 7D), Distance : 410 ft
|
Batting: RHB Mark May
|
0-0: Called Strike 0-1: Called Strike 0-2: Ball 1-2: SINGLE (Line Drive, 56D)
|
Batting: RHB Jonathan Smith
|
0-0: Ball 1-0: Foul Ball, location: 2F 1-1: Ball 2-1: SINGLE (Line Drive, 4D) Mark May to second
|
Batting: LHB Wally Thomas
|
0-0: Called Strike 0-1: Fly out, F7 (Flyball, 7S)
|
Top of the 5th over - 6 runs, 5 hits, 0 errors, 2 left on base; Jackson HS 11 - Brookline HS 0 |
BOTTOM OF THE 5TH |
Brookline HS Warriors batting - Pitching for Jackson HS Swamp Bats : RHP Paul McCarthy
|
Batting: RHB Gilbert Bentley
|
0-0: Ball 1-0: Ball 2-0: Ground out 4-3 (Groundball, 4)
|
Pitching: LHP Manuel Ríos
|
|
Batting: LHB Earnest Butler
|
0-0: Ball 1-0: Ball 2-0: Foul Ball, location: 2F 2-1: Called Strike 2-2: Foul Ball, location: 2F 2-2: Ball 3-2: Strikes out swinging
|
Batting: RHB Raúl Rivera
|
0-0: Ball 1-0: Called Strike 1-1: Ball 2-1: Foul Ball, location: 2F 2-2: Foul Ball, location: 2F 2-2: Ball 3-2: Base on Balls
|
Batting: RHB John Warren
|
0-0: Called Strike 0-1: Ball 1-1: Ball 2-1: SINGLE (Groundball, 56D) Raúl Rivera to second
|
Batting: LHB Rich Heath
|
0-0: Ball 1-0: Foul Ball, location: 2F 1-1: Ball 2-1: Ball 3-1: SINGLE (Groundball, 5D) Raúl Rivera to third John Warren to second Runner from 3rd tries for Home, SAFE, no throw
|
Batting: RHB Spike Lamb
|
0-0: Foul Ball, location: 2F 0-1: Called Strike 0-2: Strikes out swinging
|
Bottom of the 5th over - 1 run, 2 hits, 0 errors, 2 left on base; Jackson HS 11 - Brookline HS 1 |
TOP OF THE 6TH |
Jackson HS Swamp Bats batting - Pitching for Brookline HS Warriors : LHP Stan Dwyer
|
Batting: RHB Jeremy Gibbs
|
0-0: Ball 1-0: Ball 2-0: Ball 3-0: Called Strike 3-1: Base on Balls
|
Batting: RHB Domingo Rosário
|
0-0: Called Strike 0-1: Foul Ball, location: 2F 0-2: Ball 1-2: Ball 2-2: Grounds into double play, 6-4-3 (Groundball, 56)
|
Batting: LHB Chris French
|
0-0: Called Strike 0-1: Swinging Strike 0-2: Ball 1-2: Strikes out swinging
|
Top of the 6th over - 0 runs, 0 hits, 0 errors, 0 left on base; Jackson HS 11 - Brookline HS 1 |
BOTTOM OF THE 6TH |
Brookline HS Warriors batting - Pitching for Jackson HS Swamp Bats : LHP Manuel Ríos
|
Batting: RHB Michael Mossman
|
0-0: Called Strike 0-1: Called Strike 0-2: SINGLE (Groundball, 6MD)
|
Batting: RHB León Colón
|
0-0: Foul Ball, location: 2F 0-1: Foul Ball, location: 2F 0-2: 2-RUN HOME RUN (Line Drive, 9LD), Distance : 351 ft
|
Batting: RHB Cole Gray
|
0-0: Ball 1-0: Ball 2-0: Called Strike 2-1: Called Strike 2-2: Strikes out swinging
|
Batting: RHB Gilbert Bentley
|
0-0: Ball 1-0: Ball 2-0: DOUBLE (Groundball, 5L)
|
Batting: LHB Earnest Butler
|
0-0: Ball 1-0: Called Strike 1-1: Foul Ball, location: 2F 1-2: Strikes out swinging
|
Batting: RHB Raúl Rivera
|
0-0: Ground out 5-3 (Groundball, 56)
|
Bottom of the 6th over - 2 runs, 3 hits, 0 errors, 1 left on base; Jackson HS 11 - Brookline HS 3 |
TOP OF THE 7TH |
Jackson HS Swamp Bats batting - Pitching for Brookline HS Warriors : LHP Stan Dwyer
|
Batting: RHB Albert Buck
|
0-0: Foul Ball, location: 2F 0-1: Foul Ball, location: 2F 0-2: Ball 1-2: Foul Ball, location: 2F 1-2: SINGLE (Groundball, 4MD)
|
Batting: RHB Rob Mitchell
|
0-0: SINGLE (Groundball, 56) (infield hit) Albert Buck to second
|
Batting: RHB Gabriel Vargas
|
0-0: Called Strike Albert Buck steals 3rd base Rob Mitchell to second 0-1: Foul Ball, location: 2F 0-2: Ball 1-2: Foul Ball, location: 2F 1-2: Strikes out swinging
|
Batting: RHB Mark May
|
0-0: Fly out, F7 (Flyball, 7S) Runner from 3rd tags up, SCORES, throw made
|
Batting: RHB Jonathan Smith
|
0-0: Swinging Strike 0-1: Ball 1-1: Ground out 1-3 (Groundball, 13S)
|
Top of the 7th over - 1 run, 2 hits, 0 errors, 1 left on base; Jackson HS 12 - Brookline HS 3 |
BOTTOM OF THE 7TH |
Brookline HS Warriors batting - Pitching for Jackson HS Swamp Bats : LHP Manuel Ríos
|
Batting: RHB John Warren
|
0-0: Called Strike 0-1: Ball 1-1: Foul Ball, location: 2F 1-2: Ball 2-2: SINGLE (Line Drive, 78S)
|
Batting: LHB Rich Heath
|
0-0: Swinging Strike 0-1: Swinging Strike 0-2: Ball 1-2: Strikes out swinging
|
Batting: RHB Spike Lamb
|
0-0: Ball 1-0: Ball 2-0: Foul Ball, location: 2F 2-1: Ball 3-1: Swinging Strike 3-2: Strikes out looking
|
Batting: RHB Michael Mossman
|
0-0: Swinging Strike 0-1: Ball 1-1: Fielders Choice at 2nd, 6-4 (Groundball, 56)
|
Bottom of the 7th over - 0 runs, 1 hit, 0 errors, 1 left on base; Jackson HS 12 - Brookline HS 3 |
TOP OF THE 8TH |
Jackson HS Swamp Bats batting - Pitching for Brookline HS Warriors : LHP Stan Dwyer
|
Batting: LHB Wally Thomas
|
0-0: DOUBLE (Flyball, 89D)
|
Batting: RHB Jeremy Gibbs
|
0-0: Hit by Pitch
|
Batting: RHB Domingo Rosário
|
0-0: Fly out, F8 (Flyball, 8LM)
|
Batting: LHB Chris French
|
0-0: Swinging Strike 0-1: Ball 1-1: Called Strike 1-2: Ball 2-2: Ball 3-2: Base on Balls Wally Thomas to third Jeremy Gibbs to second
|
Batting: RHB Albert Buck
|
0-0: Called Strike 0-1: Ball 1-1: Grounds into double play, 6-4-3 (Groundball, 6)
|
Top of the 8th over - 0 runs, 1 hit, 0 errors, 2 left on base; Jackson HS 12 - Brookline HS 3 |
BOTTOM OF THE 8TH |
Brookline HS Warriors batting - Pitching for Jackson HS Swamp Bats : LHP Manuel Ríos
|
Pitching: LHP John Harris
|
|
Batting: RHB León Colón
|
0-0: Foul Ball, location: 2F 0-1: Called Strike 0-2: Foul Ball, location: 2F 0-2: Hit by Pitch
|
Batting: RHB Cole Gray
|
0-0: Ball 1-0: Foul Ball, location: 2F 1-1: Ball 2-1: Called Strike 2-2: Foul Ball, location: 2F 2-2: Ball 3-2: Base on Balls León Colón to second
|
Batting: RHB Gilbert Bentley
|
0-0: Called Strike 0-1: Ball 1-1: Fly out, F4 (Popup, 4)
|
Batting: LHB Earnest Butler
|
0-0: Called Strike 0-1: Called Strike 0-2: Strikes out swinging
|
Batting: RHB Raúl Rivera
|
0-0: Foul Ball, location: 2F 0-1: Ball 1-1: Ball 2-1: Ball 3-1: Base on Balls León Colón to third Cole Gray to second
|
Batting: RHB John Warren
|
0-0: Ball 1-0: Called Strike 1-1: Ball 2-1: Ball 3-1: Base on Balls León Colón scores Cole Gray to third Raúl Rivera to second
|
Batting: LHB Rich Heath
|
0-0: Fly out, F7 (Line Drive, 7)
|
Bottom of the 8th over - 1 run, 0 hits, 0 errors, 3 left on base; Jackson HS 12 - Brookline HS 4 |
TOP OF THE 9TH |
Jackson HS Swamp Bats batting - Pitching for Brookline HS Warriors : LHP Stan Dwyer
|
Batting: RHB Rob Mitchell
|
0-0: Called Strike 0-1: Foul Ball, location: 2F 0-2: Ball 1-2: Ball 2-2: SINGLE (Groundball, 6MD)
|
Pitching: LHP Edgardo Sánchez
|
|
Batting: RHB Gabriel Vargas
|
0-0: Called Strike 0-1: Swinging Strike 0-2: Strikes out swinging
|
Batting: RHB Mark May
|
0-0: Fly out, F8 (Flyball, 78D)
|
Batting: RHB Jonathan Smith
|
0-0: Called Strike 0-1: Foul Ball, location: 2F 0-2: Ball 1-2: Fly out, F8 (Flyball, 8RS)
|
Top of the 9th over - 0 runs, 1 hit, 0 errors, 1 left on base; Jackson HS 12 - Brookline HS 4 |
BOTTOM OF THE 9TH |
Brookline HS Warriors batting - Pitching for Jackson HS Swamp Bats : LHP John Harris
|
Now at C: William Martínez
|
|
Batting: RHB Spike Lamb
|
0-0: Ball 1-0: Ball 2-0: Ball 3-0: Called Strike 3-1: SINGLE (Groundball, 6MD)
|
Pitching: RHP Don Doss
|
|
Batting: RHB Michael Mossman
|
0-0: Ball 1-0: Called Strike 1-1: Foul Ball, location: 2F 1-2: Ball 2-2: SINGLE (Flyball, 9S) Spike Lamb to second
|
Batting: RHB León Colón
|
0-0: Called Strike 0-1: Foul Ball, location: 2F 0-2: Fly out, F9 (Flyball, 9)
|
Batting: RHB Cole Gray
|
0-0: Foul Ball, location: 2F 0-1: Foul Ball, location: 2F 0-2: Fielders Choice at 2nd, 1-6 (Groundball, 13) Spike Lamb to third
|
Batting: RHB Gilbert Bentley
|
0-0: Foul Ball, location: 2F 0-1: Foul Ball, location: 2F 0-2: Ball Wild Pitch! Spike Lamb scores Cole Gray to second 1-2: Ball 2-2: Ball 3-2: Ground out 5-3 (Groundball, 56)
|
Bottom of the 9th over - 1 run, 2 hits, 0 errors, 1 left on base; Jackson HS 12 - Brookline HS 5 |
|